 Dungeon Crawl Stone Soup version 0.28-a0-984-g3775c662fe (webtiles) character file.

Game seed: 6181583993767267925

198265 demibob the Warrior (level 17, -1/153 HPs)
             Began as a Demonspawn Gladiator on Dec 3, 2021.
             Was the Champion of Okawaru.
             Killed from afar by an ironbound frostheart (25 damage)
             ... by creeping frost
             ... on level 1 of the Vaults on Dec 4, 2021.
             The game lasted 01:19:17 (29226 turns).

demibob the Warrior (Demonspawn Gladiator)         Turns: 29226, Time: 01:19:17

Health: -1/153     AC: 29    Str: 19    XL:     17   Next: 80%
Magic:  20/20      EV: 16    Int: 10    God:    Okawaru [******]
Gold:   1197       SH:  0    Dex: 15    Spells: 16/16 levels left

rFire   + . .      SeeInvis +   a - +6 double sword of Beyond {elec, Str+3 Stlth+}
rCold   + + .      Faith    +   (no shield)
rNeg    . . .      Spirit   .   o - +5 ring mail of the Cicada {rElec Str-4 SInv}
rPois   +          Reflect  .   Y - +2 helmet {SInv}
rElec   +          Harm     +   R - +0 cloak
rCorr   +          Rampage  .   j - +0 pair of gloves
Will    +....                   u - +1 pair of boots "Ziegg" {Harm Fly rC++ Str-2}
Stlth   ++........              B - amulet of faith {!P}
HPRegen 0.35/turn               P - ring of poison resistance
MPRegen 0.17/turn               T - +4 ring of protection

@: about to teleport, marked, frozen, flying, very slow
A: yellow scales 3, foul stench 2, powered by death 3, weakness stinger 1, fire
resistance 1
}: 1/15 runes: gossamer
a: Renounce Religion, Heroism, Finesse, Duel


You were on level 1 of the Vaults.
You worshipped Okawaru.
Okawaru was exalted by your worship.
You visited 5 branches of the dungeon, and saw 28 of its levels.
You visited 1 bazaar.
You also visited: Sewer and Volcano.

You collected 2763 gold pieces.
You spent 1566 gold pieces at shops.


Innate Abilities, Weirdness & Mutations

You are completely covered in yellow scales. (AC +4, rCorr)
You sometimes emit foul miasma when damaged in melee.
You regenerate a lot of health from kills.
You have a small tail.
Your flesh is heat resistant. (rF+)


   Skills:
 + Level 19.4 Fighting
 - Level 16.0 Long Blades
 + Level 11.9 Crossbows
 - Level 1.7 Throwing
 - Level 11.6 Armour
 - Level 10.0 Dodging
 - Level 4.8 Invocations


You had 16 spell levels left.
You didn't know any spells.
Your spell library contained the following spells:

 Spells                   Type           Power      Damage    Failure   Level
 Foxfire                  Conj/Fire      0%         2x1d4     50%         1
 Corpse Rot               Necr/Air       0%         N/A       65%         2
 Poisonous Vapours        Pois/Air       0%         N/A       65%         2
 Conjure Flame            Conj/Fire      0%         6-21      86%         3
 Frozen Ramparts          Ice            0%         1d2       86%         3
 Ignite Poison            Fire/Tmut/Pois 0%         N/A       86%         3
 Inner Flame              Hex/Fire       0%         N/A       86%         3
 Flame Wave               Conj/Fire      0%         2d4       99%         4
 Hailstorm                Conj/Ice       0%         3d3       99%         4
 Ice Form                 Ice/Tmut       0%         N/A       99%         4
 Passage of Golubria      Tloc           0%         N/A       99%         4
 Sticky Flame             Conj/Fire      0%         2d3       99%         4
 Yara's Violent Unravell  Hex/Tmut       0%         3d3       100%        5
 Storm Form               Tmut/Air       0%         N/A       100%        7
 Maxwell's Capacitive Co  Air            0%         ∞         100%        8
 Tukima's Dance           Hex            Unusable   N/A       N/A         3
 Summon Ice Beast         Ice/Summ       Unusable   N/A       N/A         4
 Summon Lightning Spire   Summ/Air       Unusable   N/A       N/A         4
 Simulacrum               Ice/Necr       Unusable   N/A       N/A         6

Inventory:

Hand Weapons
 a - the +6 double sword of Beyond (weapon) {elec, Str+3 Stlth+}
   (Okawaru gifted it to you on level 10 of the Dungeon)

   It occasionally discharges a powerful burst of electricity upon striking a
   foe.
   Str:       It affects your strength (+3).
   Stlth:     It makes you more stealthy.
 b - a +6 arbalest of flaming
 e - a +6 triple crossbow of freezing
 x - a +0 vampiric triple sword
Missiles
 d - 5 throwing nets (quivered) {=f}
 p - 273 bolts
 M - 88 poisoned darts
Armour
 j - a +0 pair of gloves (worn)
 o - the +5 ring mail of the Cicada (worn) {rElec Str-4 SInv}
   (You found it on level 5 of the Dungeon)

   Str:       It affects your strength (-4).
   rElec:     It insulates you from electricity.
   SInv:      It lets you see invisible.
 u - the +1 pair of boots "Ziegg" (worn) {Harm Fly rC++ Str-2}
   (You bought it in a shop on level 2 of the Orcish Mines)

   Str:       It affects your strength (-2).
   rC:        It greatly protects you from cold.
   Fly:       It grants you flight.
   Harm:      It increases damage dealt and taken.
 R - a +0 cloak (worn)
 Y - a +2 helmet of see invisible (worn)
Jewellery
 c - a ring of ice
 f - a ring of protection from fire
 i - the ring of Ciena {rCorr Dex+6 Stlth+}
   (You acquired it on level 4 of the Dungeon)

   [ring of dexterity]

   Dex:       It affects your dexterity (+6).
   rCorr:     It protects you from acid and corrosion.
   Stlth:     It makes you more stealthy.
 t - a +4 ring of protection
 v - a ring of see invisible
 z - a ring of protection from fire
 A - an amulet of reflection
 B - an amulet of faith (around neck) {!P}
 C - a ring of protection from cold
 F - a ring of fire
 L - a ring of flight
 P - a ring of poison resistance (left hand)
 S - an amulet of regeneration
 T - a +4 ring of protection (right hand)
Wands
 k - a wand of paralysis (31)
 l - a wand of digging (5)
 H - a wand of iceblast (11)
 Q - a wand of acid (9)
 X - a wand of mindburst (8)
Scrolls
 h - 12 scrolls of teleportation {@r2}
 n - 14 scrolls of identify {@r1}
 s - 7 scrolls of enchant weapon
 w - a scroll of fear
 D - 4 scrolls of enchant armour
 J - 3 scrolls of magic mapping
 N - a scroll of fog
 V - 2 scrolls of brand weapon
Potions
 g - 4 potions of attraction
 q - 2 potions of resistance
 r - 5 potions of mutation
 y - 7 potions of ambrosia
 E - 2 potions of curing {@q1}
 G - 4 potions of brilliance
 I - 2 potions of might
 U - 2 potions of invisibility
 W - 2 potions of berserk rage {!q}
Miscellaneous
 K - a phial of floods
 O - a lightning rod (4/4)
 Z - a condenser vane

Dungeon Overview and Level Annotations

Branches:
Dungeon (15/15)            Temple (0/1) D:5            Lair (6/6) D:11
 Shoals (0/4) Lair:2       Spider (4/4) Lair:2          Orc (2/2) D:11
    Elf (0/3) Orc:2        Vaults (1/5) D:13         Depths (0/4) D:15
  Sewer (visited)         Volcano (visited)
  Slime: Lair:5-6

Altars:
Ashenzari
Fedhas
Hepliaklqana
Makhleb
Okawaru
Qazlal
Uskayaw
Vehumet
Wu Jian

Shops:
D:9 [   D:11 *   Orc:2 [*!([

Annotations:
Lair:5 exclusion: oklob plant
Orc:2 3 runed translucent doors, ytrimaz's ghost, journeyman DsBe

.................▒
...............p.▒
.................▒
.................▒
...▒
.................▒
H..▒
......▒▒▒▒▒▒▒▒§§§▒
▒..p▒▒ ......▒
▒pp§▒ .....▒
......▒ ▒§pp▒
▒.....▒ ......▒
▒.p@▒ .....
......▒ ▒§kp▒▒..▒
......▒ ▒§§pp§..▒
▒.§†▒▒▒▒▒ ▒...▒
.p...▒ .......▒
........▒
........▒


You could see 2 vault wardens, 2 ironbound frosthearts, 2 vault sentinels, a
lindwurm and 2 ironbound convokers.


Message History

The vault warden hits you with a +2 battleaxe!
* * * LOW HITPOINT WARNING * * *
The lindwurm closely misses you. x2; The lindwurm claws you.
* * * LOW HITPOINT WARNING * * *
The vault sentinel casts a spell at you.
You barely resist.
Unknown command.
You feel much better.
The vault warden activates a sealing rune.
A door slams shut!
The ironbound frostheart touches you but does no damage.
Something unseen opens the door.
The lindwurm bites you but does no damage.
The lindwurm claws you but does no damage. x2
The vault warden hits you with a +2 battleaxe!!
* * * LOW HITPOINT WARNING * * *
An ironbound convoker comes into view. It is wielding a +0 mace.
You feel much better.
The vault warden hits you but does no damage.
The ironbound frostheart closely misses you.
An ironbound convoker comes into view. It is wielding a +0 great mace.
The vault warden hits you but does no damage.
The lindwurm bites you but does no damage.
The lindwurm completely misses you. The lindwurm misses you.
The ironbound frostheart touches you but does no damage.
As you read the scroll of teleportation {@r2}, it crumbles to dust.
You feel strangely unstable. The vault warden barely misses you.
The ironbound frostheart calls freezing cold from the walls.
The frost grips you!! You partially resist.
You die...

Skill      XL: |  1  2  3  4  5  6  7  8  9 10 11 12 13 14 15 16 17 |
---------------+----------------------------------------------------+-----
Long Blades    | 3 4 5 7 9 11 12 15 16 | 16.0
Invocations    | 4 |  4.8
Armour         | 5 8 9 11 | 11.6
Fighting       | 6 9 12 14 16 18 19 | 19.4
Dodging        | 6 10 | 10.0
Crossbows      | 5 9 11 | 11.9
Throwing       | |  1.7

Action                   |  1- 3 |  4- 6 |  7- 9 | 10-12 | 13-15 | 16-18 || total
-------------------------+-------+-------+-------+-------+-------+-------++-------
Melee: Long sword        |   122 |    70 |   273 |    99 |       |       ||   564
       Tailslap          |       |       |    53 |    80 |   209 |   115 ||   457
       Punch             |       |       |     1 |     2 |    11 |     9 ||    23
       Double sword      |       |       |       |   346 |  1131 |   883 ||  2360
       Kick              |       |       |       |    18 |       |       ||    18
       Unarmed           |       |       |       |       |     6 |       ||     6
 Fire: Arbalest          |       |       |       |       |       |    15 ||    15
Throw: Throwing net      |       |     2 |     3 |       |       |       ||     5
Invok: Heroism           |       |       |     3 |     6 |    18 |     9 ||    36
       Finesse           |       |       |       |       |     3 |     2 ||     5
Evoke: Wand              |       |       |     1 |    19 |     6 |     2 ||    28
       Lightning rod     |       |       |       |     4 |    14 |     3 ||    21
       Condenser vane    |       |       |       |       |     4 |     3 ||     7
       Phial of floods   |       |       |       |       |     2 |       ||     2
  Use: Scroll            |     4 |     4 |    12 |     5 |     9 |     7 ||    41
       Potion            |     1 |     2 |     1 |     2 |     5 |    14 ||    25
 Stab: Sleeping          |     1 |     1 |     6 |    10 |    11 |       ||    29
       Held in net/web   |       |     2 |     1 |       |       |       ||     3
       Distracted        |       |     1 |     3 |     3 |     4 |       ||    11
       Paralysed         |       |       |     1 |       |       |       ||     1
       Invisible         |       |       |       |       |    16 |       ||    16
       Confused          |       |       |       |       |     9 |     8 ||    17
Armor: Leather armour    |    68 |    28 |    20 |       |       |       ||   116
       Ring mail         |       |       |    58 |   241 |   556 |   833 ||  1688
Dodge: Dodged            |   108 |    55 |   129 |   267 |   894 |   945 ||  2398

Levels and vault maps discovered:
D:1:      ldierk_water_garden, layout_basic, dilly_ecumenical_altar_fadedgnrine
D:2:      layout_loops_ring, hangedman_decor_growths, kennysheep_generic_room_11
D:3:      layout_basic, kennysheep_boxes
D:4:      cheibrodos_old_hovel, layout_loops_ring, grunt_temple_overflow_open,
          portal_sewer_entry_f, uniq_duvessa, uniq_pikel, uniq_menkaure
D:5:      layout_gridville, mainiacjoe_overflow_brackets, temple_green,
          minmay_circle_x
D:6:      layout_basic
D:7:      layout_basic, mainiacjoe_overflow_six_doors_small,
          chequers_serial_rivers_room_a
D:8:      layout_basic, minmay_misc_feat_more_columns
D:9:      layout_roguey, serial_shops, nicolae_shop_crystal
D:10:     layout_gridville, uniq_josephine, uniq_erolcha
D:11:     kennysheep_windowed_halls, layout_loops_corners,
          grunt_lair_entry_orc_guard_hut, orc_0_dummy, gauntlet_entry_generic,
          serial_shops, kennysheep_mini_moat
D:12:     layout_loops_ring
D:13:     layout_stronghold, grunt_vaults_entry_tiered
D:14:     layout_small_grid, serial_shops, bzr_entry_customers,
          kennysheep_minor_cross, nicolae_straight_to_the_point
D:15:     grunt_enter_depths_hoard, layout_loops_cross
Lair:1:   layout_loops_ring, serial_bayou, serial_bayou_ford_a,
          serial_bayou_pond_e, serial_bayou_lagoon_a, serial_bayou_crossing,
          serial_bayou_lake_a, serial_bayou_pond_d
Lair:2:   layout_hall_layers, shoals_dummy_entry,
          nicolae_spider_entry_orb_guardian, lemuel_fruit_fields,
          serial_bayou_shore_a
Lair:3:   layout_roguey, grunt_megastairs_4
Lair:4:   layout_concentric_octagons, lemuel_fruit_fields
Lair:5:   layout_regular_city, minmay_slime_entry_oklob_enclosed,
          grunt_megastairs_2, uniq_kirke, uniq_rupert
Lair:6:   due_jungle_book, layout_big_grid
Spider:1: layout_spider_delve
Spider:2: layout_spider_delve, nicolae_spider_paper_wasps,
          hangedman_spider_tarantella_strand
Spider:3: layout_spider_delve, gammafunk_ghost_cemetery, uniq_louise
Spider:4: grunt_spider_rune_island, nicolae_spider_bug_shape, uniq_agnes
Orc:1:    layout_caves
Orc:2:    st_orc_open, layout_caves, enter_volcano_3, basic_altar,
          gammafunk_ghost_fury_of_okawaru, serial_shops, shop
Vaults:1: v_misc_10, grunt_vaults_funnel, nicolae_vaults_border_crossing,
          v_pattern_5, vaults_standard_mumra_enter_the_diamond,
          vaults_room_grunt_arrival_ludios, nicolae_vaults_little_squares_3,
          nicolae_vaults_little_squares_1, nicolae_vaults_little_ls,
          grunt_vaults_hallway_short, layout_vaults_omnicross, serial_shops,
          shop

Notes
Turn   | Place    | Note
-------+----------+-------------------------------------------
     0 | D:1      | demibob the Demonspawn Gladiator began the quest for the
                  | Orb.
     0 | D:1      | Reached XP level 1. HP: 16/16 MP: 1/1
    45 | D:1      | Reached skill level 3 in Long Blades
   372 | D:1      | Gained mutation: You regenerate a little health from kills.
                  | [demonic ancestry]
   372 | D:1      | Reached XP level 2. HP: 21/22 MP: 2/2
  1029 | D:1      | Gained mutation: You regenerate health from kills. [demonic
                  | ancestry]
  1029 | D:1      | Reached XP level 3. HP: 27/27 MP: 3/3
  1119 | D:1      | Found a faded altar of an unknown god.
  1200 | D:1      | Gained mutation: Your body sometimes deteriorates upon
                  | taking damage. [potion of mutation]
  1200 | D:1      | Gained mutation: Your mind is acute. (Int +2) [potion of
                  | mutation]
  1271 | D:2      | Reached skill level 4 in Long Blades
  1544 | D:2      | Reached XP level 4. HP: 21/33 MP: 4/4
  2768 | D:4      | Noticed Menkaure
  2781 | D:3      | Killed Menkaure
  2782 | D:3      | Reached skill level 5 in Long Blades
  2782 | D:3      | Gained mutation: You have a small tail. [demonic ancestry]
  2782 | D:3      | Reached XP level 5. HP: 13/38 MP: 5/5
  3078 | D:4      | Reached skill level 6 in Long Blades
  3098 | D:4      | Found a hide-covered altar of Uskayaw.
  3099 | D:4      | Found an iron altar of Okawaru.
  3099 | D:4      | Noticed Pikel
  3100 | D:4      | Noticed a lemure
  3101 | D:4      | Found a blossoming altar of Fedhas.
  3101 | D:4      | Noticed a lemure
  3101 | D:4      | Noticed a lemure
  3102 | D:4      | Noticed a lemure
  3107 | D:4      | Killed Pikel
  3108 | D:4      | Reached skill level 7 in Long Blades
  3108 | D:4      | Gained mutation: You may rarely emit foul miasma when
                  | damaged in melee. [demonic ancestry]
  3108 | D:4      | Reached XP level 6. HP: 33/44 MP: 6/6
  3108 | D:4      | Gained mutation: You are partially covered in yellow
                  | scales. (AC +2) [demonic ancestry]
  3108 | D:4      | Reached XP level 7. HP: 38/50 MP: 7/7
  3108 | D:4      | Found a stormy altar of Qazlal.
  3109 | D:4      | Found a burning altar of Makhleb.
  3110 | D:4      | Found a hazy altar of Hepliaklqana.
  3115 | D:4      | Became a worshipper of Warmaster Okawaru
  3191 | D:4      | Noticed Duvessa
  3191 | D:4      | Noticed Dowan
  3201 | D:4      | Killed Duvessa
  3202 | D:4      | Reached skill level 8 in Long Blades
  3206 | D:4      | Killed Dowan
  3210 | D:4      | Found a glowing drain.
  3226 | Sewer    | Entered a sewer
  3310 | Sewer    | Reached * piety under Okawaru
  3549 | D:4      | Reached skill level 9 in Long Blades
  3549 | D:4      | Gained mutation: You regenerate a lot of health from kills.
                  | [demonic ancestry]
  3549 | D:4      | Reached XP level 8. HP: 56/56 MP: 8/8
  4012 | D:4      | Identified a scroll of acquirement
  4012 | D:4      | Acquired the ring of Ciena {rCorr Dex+6 Stlth+}
  4048 | D:5      | Entered Level 5 of the Dungeon
  4112 | D:5      | Identified the +5 ring mail of the Cicada {rElec Str-4
                  | SInv}
  4237 | D:5      | Found a broken altar of Ashenzari.
  4264 | D:5      | Reached skill level 10 in Long Blades
  4572 | D:5      | Reached ** piety under Okawaru
  4691 | D:5      | Found a staircase to the Ecumenical Temple.
  5005 | D:6      | Reached skill level 11 in Long Blades
  5023 | D:6      | Reached XP level 9. HP: 61/61 MP: 9/9
  5859 | D:7      | Reached skill level 12 in Long Blades
  5984 | D:7      | Reached *** piety under Okawaru
  6094 | D:7      | Reached skill level 1 in Invocations
  6166 | D:7      | Found an ornate altar of the Wu Jian Council.
  6356 | D:7      | Reached skill level 2 in Invocations
  6662 | D:8      | Identified the +2 ring mail of the Wumpus {MP+9}
  6690 | D:8      | Reached skill level 3 in Invocations
  6989 | D:8      | Reached skill level 4 in Invocations
  7400 | D:8      | Identified a potion of resistance
  7483 | D:9      | Reached **** piety under Okawaru
  7484 | D:9      | Reached XP level 10. HP: 36/67 MP: 13/13
  7650 | D:9      | Found Olyit's Armour Boutique.
  7673 | D:9      | Reached skill level 13 in Long Blades
  8078 | D:9      | Reached ***** piety under Okawaru
  8136 | D:9      | Reached skill level 14 in Long Blades
  8327 | D:10     | Entered Level 10 of the Dungeon
  8337 | D:10     | Noticed Josephine
  8352 | D:10     | Killed Josephine
  8355 | D:10     | Identified the +6 double sword of Beyond {elec, Str+3
                  | Stlth+} (Okawaru gifted it to you on level 10 of the
                  | Dungeon)
  8355 | D:10     | Received a gift from Okawaru
  8383 | D:10     | Reached skill level 15 in Long Blades
  8449 | D:10     | Reached XP level 11. HP: 72/72 MP: 14/14
  8525 | D:10     | Noticed Erolcha
  8535 | D:10     | Killed Erolcha
  8989 | D:11     | Found Qith's Assorted Antiques.
  9058 | D:11     | Reached skill level 1 in Armour
  9321 | D:11     | Reached skill level 3 in Fighting
  9330 | D:11     | Found a staircase to the Orcish Mines.
  9681 | D:11     | Reached skill level 2 in Armour
  9681 | D:11     | Found a staircase to the Lair.
  9685 | D:11     | Reached ****** piety under Okawaru
  9702 | D:11     | Noticed a two-headed ogre
  9711 | D:11     | Killed a two-headed ogre
  9925 | D:11     | Lost mutation: Your body sometimes deteriorates upon taking
                  | damage. [potion of mutation]
  9925 | D:11     | Lost mutation: Your mind is acute. (Int +2) [potion of
                  | mutation]
  9925 | D:11     | Gained mutation: You are clumsy. (Dex -2) [potion of
                  | mutation]
  9925 | D:11     | Gained mutation: You have large cloven feet. [potion of
                  | mutation]
  9925 | D:11     | Gained mutation: Your tail ends in a venomous barb. [potion
                  | of mutation]
  9945 | D:11     | Received a gift from Okawaru
 10272 | D:11     | Bought a scroll of enchant weapon for 180 gold pieces
 10294 | D:11     | Reached skill level 4 in Fighting
 10311 | D:11     | Reached skill level 3 in Armour
 10380 | D:11     | Noticed a two-headed ogre
 10380 | D:11     | Noticed a brown ugly thing
 10386 | D:11     | Killed a brown ugly thing
 10391 | D:11     | Killed a two-headed ogre
 10392 | D:11     | Reached skill level 5 in Fighting
 10392 | D:11     | Reached skill level 4 in Armour
 10396 | D:11     | Noticed a two-headed ogre
 10401 | D:11     | Reached skill level 16 in Long Blades
 10405 | D:11     | Killed a two-headed ogre
 10405 | D:11     | Received a gift from Okawaru
 10458 | D:11     | Reached skill level 5 in Armour
 10465 | D:11     | Reached skill level 6 in Fighting
 10471 | D:11     | Reached XP level 12. HP: 77/88 MP: 15/15
 10489 | D:11     | Noticed a boulder beetle
 10503 | D:11     | Killed a boulder beetle
 10643 | Lair:1   | Entered Level 1 of the Lair of Beasts
 10702 | Lair:1   | Reached skill level 7 in Fighting
 10702 | Lair:1   | Reached skill level 6 in Armour
 10929 | Lair:1   | Noticed an eight-headed hydra
 10932 | Lair:1   | Noticed an alligator
 10932 | Lair:1   | an eight-headed hydra changed into an alligator
 10938 | Lair:1   | Killed an alligator
 11261 | Lair:1   | Noticed an eight-headed hydra
 11304 | Lair:2   | Received a gift from Okawaru
 11305 | Lair:2   | Reached skill level 7 in Armour
 11488 | Lair:2   | Reached skill level 8 in Fighting
 11616 | Lair:2   | Found a hole to the Spider Nest.
 11664 | Lair:2   | Noticed a five-headed hydra
 11673 | Lair:2   | Killed a five-headed hydra
 11731 | Lair:2   | Found a staircase to the Shoals.
 12078 | Lair:3   | Noticed a five-headed hydra
 12087 | Lair:3   | Killed a five-headed hydra
 12088 | Lair:3   | Reached skill level 9 in Fighting
 12088 | Lair:3   | Reached skill level 8 in Armour
 12610 | Lair:3   | Noticed a seven-headed hydra
 12625 | Lair:3   | Killed a ten-headed hydra
 12821 | Lair:3   | Gained mutation: You sometimes emit foul miasma when
                  | damaged in melee. [demonic ancestry]
 12821 | Lair:3   | Reached XP level 13. HP: 102/102 MP: 16/16
 13019 | Lair:4   | Received a gift from Okawaru
 13024 | Lair:4   | Reached skill level 10 in Fighting
 13024 | Lair:4   | Reached skill level 9 in Armour
 13039 | Lair:4   | Identified the +6 bardiche of Royalism {elec, *Corrode
                  | rElec rPois rF+ Str+8} (Okawaru gifted it to you on level 4
                  | of the Lair of Beasts)
 13039 | Lair:4   | Received a gift from Okawaru
 13609 | Lair:5   | Noticed Kirke
 13720 | Lair:5   | Reached skill level 3 in Dodging
 13852 | Lair:5   | Reached skill level 11 in Fighting
 13921 | Lair:4   | Reached skill level 4 in Dodging
 14259 | Lair:5   | Killed Kirke
 14259 | Lair:5   | Received a gift from Okawaru
 14280 | Lair:5   | Reached skill level 5 in Dodging
 14677 | Lair:5   | Noticed Rupert
 14680 | Lair:5   | Paralysed by Rupert for 7 turns
 14702 | Lair:5   | Killed Rupert
 14702 | Lair:5   | Received a gift from Okawaru
 14703 | Lair:5   | Reached skill level 12 in Fighting
 15200 | Lair:6   | Entered Level 6 of the Lair of Beasts
 15206 | Lair:6   | Reached skill level 6 in Dodging
 15507 | Lair:6   | Reached XP level 14. HP: 116/116 MP: 17/17
 15655 | Lair:6   | Reached skill level 7 in Dodging
 15824 | Lair:6   | Reached skill level 13 in Fighting
 16038 | Lair:6   | Reached skill level 8 in Dodging
 16290 | Lair:6   | Identified the +10 lajatang of the Beginning {distort,
                  | Dex+3} (Okawaru gifted it to you on level 6 of the Lair of
                  | Beasts)
 16290 | Lair:6   | Received a gift from Okawaru
 16493 | Lair:6   | Reached skill level 9 in Dodging
 17346 | Lair:1   | Reached skill level 14 in Fighting
 17372 | Lair:1   | Identified the +5 battleaxe of Wondrous Power {drain, rF+}
                  | (Okawaru gifted it to you on level 1 of the Lair of Beasts)
 17372 | Lair:1   | Received a gift from Okawaru
 17666 | Orc:1    | Entered Level 1 of the Orcish Mines
 17847 | Orc:1    | Noticed an orc warlord
 17867 | Orc:1    | Killed an orc warlord
 17885 | Orc:1    | Paralysed by an orc sorcerer for 5 turns
 18173 | Orc:2    | Entered Level 2 of the Orcish Mines
 18383 | Orc:2    | Reached skill level 10 in Dodging
 18389 | Orc:2    | Received a gift from Okawaru
 18395 | Orc:2    | Gained mutation: You are mostly covered in yellow scales.
                  | (AC +3) [demonic ancestry]
 18395 | Orc:2    | Reached XP level 15. HP: 127/127 MP: 14/18
 18414 | Orc:2    | Received a gift from Okawaru
 18437 | Orc:2    | Reached skill level 15 in Fighting
 18443 | Orc:2    | Reached skill level 10 in Armour
 18470 | Orc:2    | Found Lissy's Antique Armour Shoppe.
 18471 | Orc:2    | Found Mawegh's Assorted Antiques.
 18483 | Orc:2    | Found Bureil's Distillery.
 18490 | Orc:2    | Bought an encrusted pearl ring for 100 gold pieces
 18492 | Orc:2    | Found Vomyag's Antique Weapon Shoppe.
 18495 | Orc:2    | Found a staircase to the Elven Halls.
 18615 | Orc:2    | Found Lesman's Armour Emporium.
 18660 | Orc:2    | Found a radiant altar of Vehumet.
 18705 | Orc:2    | Found a runed translucent gate.
 18705 | Orc:2    | Found a runed translucent gate.
 18705 | Orc:2    | Found a runed translucent gate.
 18708 | Orc:2    | Noticed ytrimaz's ghost (journeyman DsBe)
 18789 | Orc:2    | Found a dark tunnel.
 18803 | Volcano  | Entered a volcano
 19044 | Orc:2    | Found an iron altar of Okawaru.
 19061 | Orc:2    | Bought a pair of glimmering boots for 218 gold pieces
 19061 | Orc:2    | Identified the +1 pair of boots "Ziegg" {Harm Fly rC++
                  | Str-2} (You bought it in a shop on level 2 of the Orcish
                  | Mines)
 19061 | Orc:2    | Bought a slimy ring mail for 207 gold pieces
 19061 | Orc:2    | Identified the +1 ring mail "Voyzitoi" {rElec} (You bought
                  | it in a shop on level 2 of the Orcish Mines)
 19210 | D:12     | Identified the ring "Darathea" {*Corrode rC+ Int+6 SInv}
 19418 | D:12     | Identified the +2 crystal plate armour "Rarul" {+Inv rF+
                  | Dex+2} (Okawaru gifted it to you on level 12 of the
                  | Dungeon)
 19418 | D:12     | Received a gift from Okawaru
 19419 | D:12     | Reached skill level 1 in Crossbows
 20382 | D:13     | Reached skill level 2 in Crossbows
 20482 | D:13     | Found a gate to the Vaults.
 20753 | D:14     | Reached skill level 3 in Crossbows
 20800 | D:14     | You are sucked into a shaft and drop 1 floor!
 20800 | D:15     | Entered Level 15 of the Dungeon
 20869 | D:14     | Found a flickering gateway to a bazaar.
 20878 | Bazaar   | Entered a bazaar
 20878 | Bazaar   | Found Pydoem Yxih's Weapon Boutique.
 20878 | Bazaar   | Found Ungoar's General Store.
 20878 | Bazaar   | Found Deischih's Weapon Boutique.
 20878 | Bazaar   | Found Ohiddiad's Magic Scroll Boutique.
 20878 | Bazaar   | Found Amesef's Armour Shop.
 20878 | Bazaar   | Found Ine Faew's Assorted Antiques.
 20896 | Bazaar   | Bought a scroll of enchant weapon for 225 gold pieces
 20896 | Bazaar   | Bought a potion of might for 120 gold pieces
 20896 | Bazaar   | Bought a scroll of teleportation for 90 gold pieces
 20902 | Bazaar   | Bought a scroll of blinking for 52 gold pieces
 20902 | Bazaar   | Bought a scroll of enchant weapon for 52 gold pieces
 20902 | Bazaar   | Bought a scroll of teleportation for 21 gold pieces
 20902 | Bazaar   | Bought a scroll of teleportation for 21 gold pieces
 20915 | Bazaar   | Bought 2 scrolls of teleportation for 66 gold pieces
 20915 | Bazaar   | Bought a scroll of magic mapping for 38 gold pieces
 20915 | Bazaar   | Bought a wand of acid (4) for 176 gold pieces
 21015 | D:14     | Reached skill level 11 in Armour
 21186 | D:14     | Reached skill level 4 in Crossbows
 21435 | D:14     | Received a gift from Okawaru
 22062 | D:15     | Received a gift from Okawaru
 22063 | D:15     | Reached skill level 16 in Fighting
 22396 | D:15     | Found a staircase to the Depths.
 22809 | Spider:1 | Entered Level 1 of the Spider Nest
 22847 | Spider:1 | Reached skill level 5 in Crossbows
 23000 | Spider:1 | Gained mutation: You are completely covered in yellow
                  | scales. (AC +4, rCorr) [demonic ancestry]
 23000 | Spider:1 | Reached XP level 16. HP: 116/138 MP: 19/19
 23233 | Spider:1 | Reached skill level 6 in Crossbows
 23725 | Spider:2 | Received a gift from Okawaru
 23774 | Spider:2 | Reached skill level 7 in Crossbows
 23946 | Spider:2 | Reached skill level 17 in Fighting
 24934 | Spider:2 | Reached skill level 8 in Crossbows
 25220 | Spider:3 | Noticed Louise
 25230 | Spider:3 | Killed Louise
 25257 | Spider:3 | Received a gift from Okawaru
 25335 | Spider:3 | Identified the +4 flail of Law {vorpal, Dex+2}
 25360 | Spider:3 | Reached skill level 9 in Crossbows
 25656 | Spider:3 | Reached skill level 18 in Fighting
 25657 | Spider:3 | Identified the +0 robe of Olluzoog {rElec rN++ Will-
                  | Regen+} (Okawaru gifted it to you on level 3 of the Spider
                  | Nest)
 25657 | Spider:3 | Received a gift from Okawaru
 25846 | Spider:3 | Found a runed translucent gate.
 25847 | Spider:3 | Found a runed translucent gate.
 25849 | Spider:3 | Found a runed translucent gate.
 25850 | Spider:3 | Noticed Aviun's ghost (adept SpEn)
 25850 | Spider:3 | Noticed Baxzics's ghost (adept DECj)
 25875 | Spider:3 | HP: 12/143 [Baxzics's ghost/bolt of magma (44)]
 26292 | Spider:3 | Killed Aviun's ghost
 26308 | Spider:3 | Killed Baxzics's ghost
 26435 | Spider:4 | Entered Level 4 of the Spider Nest
 26580 | Spider:3 | Reached XP level 17. HP: 128/149 MP: 20/20
 26791 | Spider:4 | Reached skill level 10 in Crossbows
 27203 | Spider:4 | Received a gift from Okawaru
 27270 | Spider:4 | Received a gift from Okawaru
 27368 | Spider:4 | Reached skill level 11 in Crossbows
 27406 | Spider:4 | Noticed Agnes
 27419 | Spider:4 | Killed Agnes
 27708 | Spider:4 | Reached skill level 19 in Fighting
 28075 | Spider:4 | Lost mutation: Your tail ends in a venomous barb. [potion
                  | of mutation]
 28075 | Spider:4 | Lost mutation: You are clumsy. (Dex -2) [potion of
                  | mutation]
 28075 | Spider:4 | Gained mutation: You are frail. (-10% HP) [potion of
                  | mutation]
 28075 | Spider:4 | Gained mutation: Armour fits poorly on your strangely
                  | shaped body. [potion of mutation]
 28075 | Spider:4 | Gained mutation: You have a pair of small horns on your
                  | head. [potion of mutation]
 28076 | Spider:4 | Lost mutation: You have a pair of small horns on your head.
                  | [potion of mutation]
 28076 | Spider:4 | Lost mutation: You have large cloven feet. [potion of
                  | mutation]
 28076 | Spider:4 | Gained mutation: You are occasionally teleported next to
                  | monsters. [potion of mutation]
 28077 | Spider:4 | Lost mutation: Armour fits poorly on your strangely shaped
                  | body. [potion of mutation]
 28077 | Spider:4 | Lost mutation: You are frail. (-10% HP) [potion of
                  | mutation]
 28077 | Spider:4 | Gained mutation: You passively map a small area around you.
                  | [potion of mutation]
 28077 | Spider:4 | Gained mutation: You have hidden genetic potential. [potion
                  | of mutation]
 28078 | Spider:4 | Lost mutation: You have hidden genetic potential. [potion
                  | of mutation]
 28078 | Spider:4 | Lost mutation: You passively map a small area around you.
                  | [potion of mutation]
 28078 | Spider:4 | Lost mutation: You are occasionally teleported next to
                  | monsters. [potion of mutation]
 28078 | Spider:4 | Gained mutation: Your flesh is heat resistant. (rF+)
                  | [potion of mutation]
 28202 | Spider:4 | Received a gift from Okawaru
 28212 | Spider:4 | Got a gossamer rune of Zot
 28567 | Vaults:1 | Entered Level 1 of the Vaults
 29223 | Vaults:1 | HP: 11/153 [vault warden (12)]
 29223 | Vaults:1 | HP: 5/153 [lindwurm (6)]
 29226 | Vaults:1 | Killed from afar by an ironbound frostheart

Vanquished Creatures
  Rupert (Lair:5)
  Agnes (Spider:4)
  The ghost of Baxzics the Sorcerer, an adept DECj of Vehumet (Spider:3)
  Kirke (Lair:5)
  An orc warlord (Orc:1)
  A vault warden (Vaults:1)
  3 ghost moths (Spider:4)
  4 emperor scorpions
  Louise (Spider:3)
  The ghost of Aviun the Unseen, an adept SpEn of Kikubaaqudgha (Spider:3)
  An ironbound preserver (Vaults:1)
  A stone giant (Orc:2)
  4 dire elephants (Lair:6)
  6 entropy weavers
  8 spark wasps
  Josephine (D:10)
  2 yaktaur captains (Vaults:1)
  A fire dragon (D:15)
  Erolcha (D:10)
  A vault guard (D:13)
  3 boulder beetles
  9 hydras
  An ice dragon (D:15)
  2 ogre magi (Orc:2)
  3 centaur warriors
  An alligator (Lair:1)
  A tengu warrior (D:15)
  A death knight (D:14)
  5 death yaks (Lair:6)
  12 two-headed ogres
  2 spectral dire elephants (Lair:6)
  A spectral anaconda (Lair:6)
  A fire crab (shapeshifter) (D:13)
  A spectral death yak (Lair:6)
  7 deep trolls
  A wizard (D:13)
  An obsidian statue (Lair:6)
  An ironbound convoker (Vaults:1)
  A harpy (Vaults:1)
  20 orb spiders
  A lindwurm (Vaults:1)
  Pikel (D:4)
  An orc knight (Orc:1)
  A deep elf pyromancer (D:14)
  4 necromancers
  36 wolf spiders
  3 slime creatures (D:14)
  7 cyclopes
  3 manticores
  2 orc sorcerers (Orc:1)
  12 ugly things
  A dire elephant zombie (Lair:6)
  3 moths of wrath
  11 elephants
  A molten gargoyle (Volcano)
  7 black mambas
  3 vault sentinels (Vaults:1)
  3 torpor snails
  A kobold demonologist (D:11)
  17 cane toads
  7 komodo dragons
  4 gargoyles
  2 rime drakes
  A freezing wraith (D:14)
  7 yaktaurs
  A tengu conjurer (D:15)
  25 demonic crawlers
  A troll (shapeshifter) (D:13)
  5 polar bears
  A meliai (Spider:4)
  15 trolls
  5 hornets
  10 dream sheep
  49 jumping spiders
  A spectral elephant (Lair:6)
  111 redbacks
  3 shadows
  39 tarantellas
  2 wyverns
  A human (shapeshifter) (D:14)
  44 yaks
  5 basilisks
  4 hogs
  6 wraiths
  20 humans (D:13)
  9 vampire mosquitoes
  Menkaure (D:3)
  A death yak simulacrum (Lair:6)
  5 acid dragons
  2 hell hounds (Orc:2)
  26 water moccasins
  Duvessa (D:4)
  14 orc warriors
  3 black bears
  An elephant zombie (Lair:6)
  3 necrophages
  2 ice beasts
  24 ogres
  2 elephant skeletons (Lair:6)
  10 wolves (Lair:1)
  A phantom (D:5)
  13 centaurs
  2 kobold brigands
  11 bullfrogs
  A cane toad simulacrum (Lair:6)
  2 gnoll sergeants
  5 scorpions
  2 wyvern zombies
  Dowan (D:4)
  2 water moccasin skeletons (D:5)
  2 elephant simulacra (Lair:6)
  14 killer bees
  9 wights
  3 howler monkeys
  5 electric eels
  A bullfrog zombie (D:7)
  2 jellies
  3 hounds
  12 orc priests
  5 centaur zombies
  4 iguanas
  20 orc wizards
  A scorpion zombie (D:5)
  2 howler monkey zombies
  7 adders
  11 gnolls
  An ufetubus (D:6)
  3 worms
  A dart slug (D:4)
  51 orcs
  7 ball pythons
  14 bats
  5 endoplasms
  2 giant cockroaches
  10 goblins
  3 hobgoblins (D:4)
  3 jackals
  6 quokkas
  5 frilled lizards
  21 kobolds
  7 rats
  A butterfly (Lair:4)
987 creatures vanquished.

Vanquished Creatures (collateral kills)
  A wolf spider (Spider:2)
  A jumping spider (Spider:1)
  A redback (Spider:2)
3 creatures vanquished.

Vanquished Creatures (others)
  A wizard (Vaults:1)
  An orc wizard (Orc:2)
  2 orcs (Orc:1)
  29 fungi
  67 plants
  4 toadstools (D:1)
  19 withered plants
123 creatures vanquished.

Grand Total: 1113 creatures vanquished

Table legend: (Time is in decaauts)
 A = Elapsed time spent in this place.
 B = Non-inter-level travel time spent in this place.
 C = Inter-level travel time spent in this place.
 D = Time resting spent in this place.
 E = Time spent auto-exploring this place.
 F = Levels seen in this place.
 G = Mean time per level.
                   A        B        C        D        E       F      G
               +--------+--------+--------+--------+--------+-----+--------+
         Total |  28559 |  26994 |   1565 |   5073 |  16140 |  31 |  921.3 |
       Dungeon |  14085 |  13322 |    763 |   1067 |   9779 |  15 |  939.0 |
          Lair |   6968 |   6480 |    488 |   1543 |   3733 |   6 | 1161.3 |
   Spider Nest |   5368 |   5143 |    225 |   2033 |   1717 |   4 | 1342.0 |
  Orcish Mines |   1141 |   1053 |     88 |    100 |    687 |   2 |  570.5 |
        Vaults |    634 |    634 |      0 |    330 |    123 |   1 |  634.0 |
        Bazaar |     42 |     42 |      0 |      0 |     22 |   1 |   42.0 |
         Sewer |    132 |    132 |      0 |      0 |     79 |   1 |  132.0 |
       Volcano |    184 |    184 |      0 |      0 |      0 |   1 |  184.0 |
               +--------+--------+--------+--------+--------+-----+--------+

Top non-repeatable levels by time:
    D:11: 1788 daAuts
  Lair:6: 1721 daAuts
  Lair:5: 1642 daAuts
Spider:2: 1639 daAuts
Spider:4: 1559 daAuts
Spider:3: 1339 daAuts
     D:1: 1245 daAuts
    D:14: 1157 daAuts
  Lair:1: 1043 daAuts
     D:2: 991 daAuts
    D:13: 952 daAuts
  Lair:3: 925 daAuts
     D:4: 911 daAuts
     D:6: 886 daAuts
     D:5: 876 daAuts

Table legend:
 A = Non-vault XP
 B = Vault XP
 C = Vault XP percentage of total XP
 D = Non-vault monster count
 E = Vault monster count
 F = Vault count percentage of total count
                 A         B        C        D         E       F
            +---------+---------+-------+---------+---------+-------
      Total |  180996 |   94667 |  34.3 |     755 |     234 |  23.7
            +---------+---------+-------+---------+---------+-------
        D:1 |      49 |       0 |   0.0 |      31 |       0 |   0.0
        D:2 |      86 |      14 |  14.0 |      16 |       1 |   5.9
        D:3 |       8 |     169 |  95.5 |       6 |       1 |  14.3
        D:4 |     394 |     844 |  68.2 |      18 |       8 |  30.8
        D:5 |     639 |     157 |  19.7 |      22 |       4 |  15.4
        D:6 |    1207 |       0 |   0.0 |      19 |       0 |   0.0
        D:7 |     862 |       0 |   0.0 |      13 |       0 |   0.0
        D:8 |     666 |       0 |   0.0 |      16 |       0 |   0.0
        D:9 |    3008 |       0 |   0.0 |      29 |       0 |   0.0
       D:10 |    1249 |    2595 |  67.5 |      15 |       6 |  28.6
       D:11 |    3589 |    8441 |  70.2 |      22 |      26 |  54.2
       D:12 |    2451 |       0 |   0.0 |      25 |       0 |   0.0
       D:13 |    4055 |    6544 |  61.7 |      10 |      25 |  71.4
       D:14 |   11686 |       4 |   0.0 |      33 |       4 |  10.8
       D:15 |    2509 |    1747 |  41.0 |       4 |       2 |  33.3
     Lair:1 |    6144 |       0 |   0.0 |      28 |       0 |   0.0
     Lair:2 |    3705 |     623 |  14.4 |      13 |       1 |   7.1
     Lair:3 |    4984 |     641 |  11.4 |      15 |       3 |  16.7
     Lair:4 |    7004 |     405 |   5.5 |      24 |       2 |   7.7
     Lair:5 |   10184 |    5128 |  33.5 |      32 |      10 |  23.8
     Lair:6 |   14258 |   12738 |  47.2 |      34 |      25 |  42.4
   Spider:1 |   20006 |       0 |   0.0 |      65 |       0 |   0.0
   Spider:2 |   21730 |    3111 |  12.5 |      57 |       4 |   6.6
   Spider:3 |   26388 |    4231 |  13.8 |      85 |       5 |   5.6
   Spider:4 |   18424 |   26089 |  58.6 |      54 |      49 |  47.6
      Orc:1 |    5371 |       0 |   0.0 |      37 |       0 |   0.0
      Orc:2 |    1012 |   15721 |  94.0 |      17 |      39 |  69.6
   Vaults:1 |    9328 |    3683 |  28.3 |      15 |       6 |  28.6
      Sewer |       0 |     110 | 100.0 |       0 |       9 | 100.0
    Volcano |       0 |    1672 | 100.0 |       0 |       4 | 100.0
            +---------+---------+-------+---------+---------+-------
